 Dungeon Sprint DCSS version 0.28.0-53-g5a82cb258f (webtiles) character file.

Game seed: 9088699312949874735

1750 Zeld the Cleaver (level 8, -4/79 HPs)
             Began as a Minotaur Berserker on June 14, 2022.
             Was a Priest of Trog.
             Slain by Sonja
             ... wielding a +0 dagger of distortion
              (6 damage)
             ... in the Dungeon (Sprint I: "Red Sonja").
             The game lasted 00:01:32 (1954 turns).

Zeld the Cleaver (Minotaur Berserker)               Turns: 1954, Time: 00:01:33

Health: -4/79      AC:  2    Str: 23    XL:     8   Next: 78%
Magic:  7/7        EV: 15    Int:  4    God:    Trog [***...]
Gold:   200        SH:  0    Dex: 11    Spells: 7/7 levels left

rFire   . . .      SeeInvis .   a - +0 hand axe
rCold   . . .      Faith    .   (no shield)
rNeg    . . .      Spirit   .   b - +0 animal skin
rPois   .          Reflect  .   (helmet restricted)
rElec   .          Harm     .   (no cloak)
rCorr   .          Rampage  .   (no gloves)
Will    .....      NoTele   +   (no boots)
Stlth   +.........              (no amulet)
HPRegen 0.23/turn               (no ring)
MPRegen 0.10/turn               (no ring)

@: no status effects
A: horns 2, retaliatory headbutt
a: Renounce Religion, Berserk, Trog's Hand


You were in the Dungeon.
You worshipped Trog.
Trog was most pleased with you.
You visited 1 branch You collected 584 gold pieces.
You spent 384 gold pieces at shops.

Inventory:

Hand Weapons
 a - a +0 hand axe (weapon)
Armour
 b - a +0 animal skin (worn)
Wands
 c - a wand of charming (6)
Scrolls
 h - 3 scrolls of blinking
 k - a scroll of summoning {unknown}
 l - a scroll of vulnerability {unknown}
 m - a scroll of enchant weapon
 n - a scroll of enchant armour
 o - a scroll of identify
Potions
 e - a potion of haste
 f - 2 potions of magic
 g - a potion of berserk rage
 j - a potion of degeneration {unknown}


   Skills:
 + Level 9.8 Fighting
 * Level 13.1 Axes
 + Level 9.2 Armour
 + Level 8.5 Dodging
 * Level 9.7 Evocations


You had 7 spell levels left.
You didn't know any spells.
Your spell library was empty.

Dungeon Overview and Level Annotations

Branches:
Dungeon (1/1)

Altars:
Cheibriados
Dithmenos
Elyvilon
Fedhas
Gozag
Hepliaklqana
Kikubaaqudgha
Makhleb
Nemelex Xobeh
Okawaru
Qazlal
Ru
Sif Muna
Trog
Uskayaw
Vehumet
Wu Jian
Xom
Yredelemnul
Zin
The Shining One
Jiyva
Lugonu

Shops:
D ?

Annotations:
D Sonja


Innate Abilities, Weirdness & Mutations

You have a pair of horns on your head.
You reflexively headbutt those who attack you in melee.


Message History

You swap places.
There is an open door, spattered with blood here.
You now have 200 gold pieces (gained 27).
You open the door. 2 ballistomycete spores come into view.
The ballistomycete spore waves its rhizomes.
The ballistomycete spore explodes!
The explosion of spores engulfs you!
You are confused.
The explosion of spores engulfs the ballistomycete spore!
The ballistomycete spore explodes!
Found 97 gold pieces, 2 potions of curing, 12 bolts and a robe.
Unknown command.
Unknown command.
Unknown command.
You start resting.
You feel less confused.
You start resting.
You recover from your berserk rage.
You start resting.
Sonja is no longer charmed.
Sonja hits you with a +0 dagger of distortion.
Space warps around you. Sonja misses you.
Sonja hits you with a +0 dagger of distortion.
Space warps around you.
Sonja hits you with a +0 dagger of distortion!
Space warps horribly around you!!
* * * LOW HITPOINT WARNING * * *
Sonja closely misses you.
Sonja hits you with a +0 dagger of distortion.
* * * LOW HITPOINT WARNING * * *
Unknown command.
You feel better.
You feel yourself speed up.
Sonja hits you with a +0 dagger of distortion.
* * * LOW HITPOINT WARNING * * *
Sonja completely misses you.
Sonja hits you with a +0 dagger of distortion.
* * * LOW HITPOINT WARNING * * *
Space warps around you.
You die...

#..#__####..##.#
#..#_____##'#_.+
#⌠⌠#_.∩...÷..._#
####_..__##_[#'#
#_____###'#.#
#########.####+###
+$..'.....+
#$.K####### ##@##
#'# !$!


$[$($ ####### You could see Sonja.

Vanquished Creatures
  2 kobold demonologists (D)
  A slime creature (D)
  A yak (D)
  Sigmund (D)
  A floating eye (D)
  An ogre (D)
  A jelly (D)
  Ijyb (D)
9 creatures vanquished.

Vanquished Creatures (collateral kills)
  A deep troll (D)
1 creature vanquished.

Vanquished Creatures (others)
  2 ballistomycete spores (D)
2 creatures vanquished.

Grand Total: 12 creatures vanquished

Notes
Turn   | Place    | Note
-------+----------+-------------------------------------------
     0 | D        | Zeld the Minotaur Berserker began the quest for the Orb.
     0 | D        | Reached XP level 1. HP: 19/19 MP: 0/0
     4 | D        | Noticed Ijyb
    21 | D        | Killed Ijyb
    22 | D        | Reached skill level 5 in Axes
    22 | D        | Reached XP level 2. HP: 26/28 MP: 1/1
   288 | D        | Noticed an ogre
   290 | D        | Killed an ogre
   291 | D        | Reached skill level 5 in Fighting
   291 | D        | Reached skill level 6 in Axes
   291 | D        | Reached XP level 3. HP: 36/36 MP: 2/2
   291 | D        | Reached XP level 4. HP: 42/42 MP: 3/3
   556 | D        | Noticed Sigmund
   563 | D        | Killed Sigmund
   563 | D        | Reached ** piety under Trog
   564 | D        | Reached skill level 8 in Axes
   564 | D        | Reached skill level 5 in Armour
   564 | D        | Reached skill level 5 in Dodging
   564 | D        | Reached skill level 5 in Evocations
   564 | D        | Reached XP level 5. HP: 51/51 MP: 4/4
  1004 | D        | Found a burning altar of Makhleb.
  1004 | D        | Found a viscous altar of Jiyva.
  1004 | D        | Found a shimmering altar of Xom.
  1004 | D        | Found a corrupted altar of Lugonu.
  1004 | D        | Noticed a slime creature
  1009 | D        | Killed a slime creature
  1010 | D        | Reached skill level 10 in Axes
  1010 | D        | Reached XP level 6. HP: 60/60 MP: 5/5
  1265 | D        | Noticed a kobold demonologist
  1265 | D        | Noticed a floating eye
  1265 | D        | Noticed a kobold demonologist
  1267 | D        | Paralysed by a floating eye for 3 turns
  1268 | D        | Noticed a soul eater
  1272 | D        | Killed a floating eye
  1273 | D        | Reached XP level 7. HP: 67/67 MP: 6/6
  1274 | D        | Killed a kobold demonologist
  1275 | D        | Reached skill level 11 in Axes
  1282 | D        | Killed a kobold demonologist
  1282 | D        | Reached *** piety under Trog
  1283 | D        | Reached skill level 12 in Axes
  1283 | D        | Reached XP level 8. HP: 71/77 MP: 7/7
  1399 | D        | Found an ornate altar of the Wu Jian Council.
  1399 | D        | Found a shimmering blue altar of Sif Muna.
  1401 | D        | Found a radiant altar of Vehumet.
  1580 | D        | Found Loliewkuo's Magic Scroll Emporium.
  1580 | D        | Found an ancient bone altar of Kikubaaqudgha.
  1580 | D        | Found a hazy altar of Hepliaklqana.
  1580 | D        | Found a stormy altar of Qazlal.
  1580 | D        | Found a hide-covered altar of Uskayaw.
  1580 | D        | Found a blossoming altar of Fedhas.
  1580 | D        | Found a bloodstained altar of Trog.
  1580 | D        | Found an iron altar of Okawaru.
  1580 | D        | Found a basalt altar of Yredelemnul.
  1580 | D        | Found a glowing golden altar of the Shining One.
  1580 | D        | Found a snail-covered altar of Cheibriados.
  1580 | D        | Found a sacrificial altar of Ru.
  1580 | D        | Found a glowing silver altar of Zin.
  1580 | D        | Found a shadowy altar of Dithmenos.
  1580 | D        | Found a white marble altar of Elyvilon.
  1586 | D        | Found an opulent altar of Gozag.
  1587 | D        | Found a sparkling altar of Nemelex Xobeh.
  1763 | D        | Bought a scroll of enchant weapon for 90 gold pieces
  1763 | D        | Bought a scroll of enchant armour for 90 gold pieces
  1763 | D        | Bought a scroll of blinking for 90 gold pieces
  1763 | D        | Bought a scroll of identify for 24 gold pieces
  1763 | D        | Bought a scroll of blinking for 90 gold pieces
  1902 | D        | Noticed Sonja
  1909 | D        | Noticed a deep troll
  1918 | D        | Killed a deep troll
  1919 | D        | Reached skill level 13 in Axes
  1953 | D        | HP: 2/79 [Sonja/+0 dagger of distortion (4)]
  1954 | D        | Slain by Sonja

Illustrated notes

Levels and vault maps discovered:
D:        dungeon_sprint_1 [red_sonja_temple_1, red_sonja_temple_small_1]

Skill      XL: |  1  2  3  4  5  6  7  8 |
---------------+-------------------------+-----
Fighting       | 4 5 6 7 8 9 |  9.8
Axes           | 5 6 8 10 12 13 | 13.1
Armour         | 3 4 5 6 7 8 9 |  9.2
Dodging        | 3 4 5 6 7 8 |  8.5
Evocations     | 2 4 5 6 7 8 9 |  9.7

Action                   |  1- 3 |  4- 6 |  7- 9 || total
-------------------------+-------+-------+-------++-------
Melee: Hand axe          |     8 |    12 |    20 ||    40
       Headbutt          |     1 |     3 |     2 ||     6
Invok: Berserk           |     2 |     4 |     3 ||     9
Evoke: Wand              |       |       |     2 ||     2
  Use: Potion            |     1 |       |     2 ||     3
Armor: Animal skin       |     1 |       |     2 ||     3
Dodge: Dodged            |     3 |     3 |    18 ||    24
